 Dungeon Crawl Stone Soup version 0.30-a0-364-gf6b3ef1049 (webtiles) character file.

Game seed: 11579337350050148593

116 Manisia the Caller (level 5, -5/28 HPs)
             Began as a Tengu Summoner on Nov 15, 2022.
             Slain by a gnoll
             ... wielding a +0 whip
              (9 damage)
             ... on level 3 of the Dungeon.
             The game lasted 00:04:36 (2036 turns).

Manisia the Caller (Tengu Summoner)                 Turns: 2036, Time: 00:04:36

Health: -5/28      AC:  2    Str:  9    XL:     5   Next: 0%
Magic:  9/10       EV: 15    Int: 23    God:
Gold:   108        SH:  0    Dex: 14    Spells: 4/10 levels left

rFire   . . .      SeeInvis .    j - +0 halberd (venom)
rCold   . . .      Faith    .    (shield currently unavailable)
rNeg    . . .      Spirit   .    a - +0 robe
rPois   .          Reflect  .    (helmet restricted)
rElec   .          Harm     .    (no cloak)
rCorr   .          Rampage  .    (no gloves)
Will    +....                    (boots unavailable)
Stlth   ++........               (no amulet)
HPRegen 0.24/turn                f - +6 ring of intelligence
MPRegen 0.12/turn                h - ring of willpower

@: flying quickly and evasively, quick
A: beak, talons 3, nimble flight
a: no special abilities


You were on level 3 of the Dungeon.
You visited 1 branch of the dungeon, and saw 3 of its levels.

You collected 108 gold pieces.

Inventory:

Hand Weapons
 j - a +0 halberd of venom (weapon)
Missiles
 c - 5 poisoned darts
Armour
 a - a +0 robe (worn)
Jewellery
 f - a +6 ring of intelligence (left hand)
 h - a ring of willpower (right hand)
Wands
 k - a wand of paralysis (4)
Potions
 b - a potion of magic
 d - a potion of lignification
 e - a potion of attraction
 g - a potion of ambrosia
 i - a potion of resistance {unknown}
 l - a potion of curing {unknown}


   Skills:
 + Level 0.1 Fighting
 + Level 0.5 Polearms
 + Level 2.5 Dodging
 + Level 2.3 Stealth
 + Level 0.7 Unarmed Combat
 + Level 3.2 Spellcasting
 - Level 6.0 Summonings


You had 4 spell levels left.
You knew the following spells:

 Your Spells              Type           Power      Damage    Failure   Level
a - Summon Small Mammal   Summ           100%       N/A       1%          1
b - Call Imp              Summ           31%        N/A       1%          2
c - Call Canine Familiar  Summ           31%        N/A       3%          3

Your spell library contained the following spells:

 Spells                   Type           Power      Damage    Failure   Level
 Summon Guardian Golem    Hex/Summ       17%        N/A       10%         3
 Summon Lightning Spire   Summ/Air       17%        N/A       32%         4
 Gell's Gravitas          Tloc           3%         N/A       34%         3
 Teleport Other           Tloc           3%         N/A       34%         3
 Dispersal                Tloc           1%         N/A       100%        6


Dungeon Overview and Level Annotations

Branches:
Dungeon (3/15)

Altars:


Innate Abilities, Weirdness & Mutations

You have a beak for a mouth.
You have claws for feet.
Your magical nature lets you fly swiftly and evasively.


Message History

Press: ? - help, Dir - move target, f/p - gnoll
Aim: a gnoll, wielding a +0 spear (lightly wounded, ally target, about 48% to evade your +0 halberd of venom)
You reach to attack!
You hit the gnoll.
The gnoll is heavily wounded.
Your hound bites the gnoll.
Your hound barely misses the gnoll.
The gnoll misses your hound.
Reach: j) +0 halberd (venom)
Press: ? - help, Dir - move target, f/p - gnoll
Aim: a gnoll, wielding a +0 spear (severely wounded, not watching you, ally target, about 48% to evade your +0 halberd of venom)
You reach to attack!
You slash the gnoll!
You kill the gnoll!
Your hound closely misses the gnoll.
The gnoll closely misses your hound.
Your hound bites the gnoll.
The gnoll hits your hound with a +0 club.
Your hound dies!
Your hound's corpse disappears in a puff of smoke!
You barely miss the gnoll. You claw the gnoll.
You peck the gnoll, but do no damage.
The gnoll is moderately wounded.
The gnoll hits you with a +0 club.
You are too injured to fight recklessly!
You are too injured to fight recklessly!
You are too injured to fight recklessly!
You are too injured to fight recklessly!
You are too injured to fight recklessly!
You hit the gnoll.
The gnoll is poisoned.
The gnoll is almost dead.
The gnoll hits you with a +0 club.
You closely miss the gnoll.
The gnoll is almost dead.
The gnoll misses you. The gnoll hits you with a +0 club!
* * * LOW HITPOINT WARNING * * *
You puncture the gnoll!
You kill the gnoll!
You have reached level 5!
Your magical nature develops, letting you fly swiftly and evasively.
You see here 11 gold pieces.
There is a stone staircase leading up here.
The gnoll hits you with a +0 whip!
You die...

..... #.#.. . #
#.#.# ..#. #.#.#
# ... #.#.#.#
.###.####.....#
.....)......#.#
?.........###.###
..........g@....#
#######...#######
######...#.#
.......$...#
#######.##.# #.#
.# #)# # #.# ..#


You could see a gnoll.

Vanquished Creatures
  2 gnolls (D:3)
  A dart slug (D:2)
  An endoplasm (D:1)
  A giant cockroach (D:1)
  A goblin (D:1)
  3 kobolds
  2 ball pythons (D:2)
  2 bats (D:1)
  2 frilled lizards
  A rat (D:2)
16 creatures vanquished.

Vanquished Creatures (collateral kills)
  5 gnolls
  A worm (D:2)
  3 dart slugs
  2 bats
  2 endoplasms (D:1)
  3 giant cockroaches
  2 goblins
  2 hobgoblins (D:1)
  A quokka (D:1)
  A ball python (D:1)
  5 rats
27 creatures vanquished.

Grand Total: 43 creatures vanquished

Notes
Turn   | Place    | Note
-------+----------+-------------------------------------------
     0 | D:1      | Manisia the Tengu Summoner began the quest for the Orb.
     0 | D:1      | Reached XP level 1. HP: 10/10 MP: 4/4
    20 | D:1      | Reached skill level 5 in Summonings
   247 | D:1      | Reached XP level 2. HP: 15/15 MP: 3/6
   255 | D:1      | Learned a level 2 spell: Call Imp
   779 | D:1      | Reached XP level 3. HP: 19/19 MP: 5/7
  1146 | D:2      | Learned a level 3 spell: Call Canine Familiar
  1319 | D:2      | Reached XP level 4. HP: 9/24 MP: 0/9
  2021 | D:3      | Reached skill level 6 in Summonings
  2030 | D:3      | Gained mutation: Your magical nature lets you fly swiftly
                  | and evasively. [Tengu growth]
  2030 | D:3      | Reached XP level 5. HP: 3/28 MP: 8/10
  2036 | D:3      | Slain by a gnoll

Illustrated notes

Levels and vault maps discovered:
D:1:      erik_arrival_blinker_ship, layout_basic
D:2:      layout_loops_ring
D:3:      layout_basic, uniq_sigmund, uniq_terence

Skill      XL: |  1  2  3  4 |
---------------+-------------+-----
Summonings     | 5 6 |  6.0
Spellcasting   | 3 |  3.2
Fighting       | |  0.1
Polearms       | |  0.5
Dodging        | |  2.5
Stealth        | |  2.3
Unarmed Combat | |  0.7

Action                   |  1- 3 |  4- 6 || total
-------------------------+-------+-------++-------
Melee: Unarmed           |    15 |       ||    15
       Kick              |     3 |     1 ||     4
       Peck              |     2 |     1 ||     3
       Halberd           |       |    19 ||    19
 Cast: Summon Small Mamm |    32 |     4 ||    36
       Call Imp          |     7 |     1 ||     8
       Call Canine Famil |     2 |     3 ||     5
  Use: Scroll            |     3 |     2 ||     5
 Stab: Sleeping          |       |     4 ||     4
Armor: Robe              |     4 |     3 ||     7
Dodge: Dodged            |    27 |    12 ||    39

Table legend: (Time is in decaauts)
 A = Elapsed time spent in this place.
 B = Non-inter-level travel time spent in this place.
 C = Inter-level travel time spent in this place.
 D = Time resting spent in this place.
 E = Time spent auto-exploring this place.
 F = Levels seen in this place.
 G = Mean time per level.
                   A        B        C        D        E       F      G
               +--------+--------+--------+--------+--------+-----+--------+
         Total |   2046 |   1959 |     87 |    144 |   1368 |   3 |  682.0 |
       Dungeon |   2046 |   1959 |     87 |    144 |   1368 |   3 |  682.0 |
               +--------+--------+--------+--------+--------+-----+--------+

Top non-repeatable levels by time:
     D:1: 1177 daAuts
     D:2: 825 daAuts
     D:3: 44 daAuts
